 Dungeon Crawl Stone Soup version 0.30.1-4-g462c640d31 (webtiles) character file.

Game seed: 14806443366214112247

2783 spardeous the Destroyer (level 9, -6/62 HPs)
             Began as a Demigod Conjurer on Aug 18, 2023.
             Mangled by a human
             ... wielding a +0 war axe
              (9 damage)
             ... in a bailey.
             The game lasted 00:10:48 (7944 turns).

spardeous the Destroyer (Demigod Conjurer)          Turns: 7944, Time: 00:10:48

Health: -6/62      AC:  5    Str: 20    XL:     9   Next: 19%
Magic:  3/19       EV: 11    Int: 20    God:
Gold:   326        SH:  8    Dex: 18    Spells: 9/16 levels left

rFire   . . .        h - +1 long sword (protect)
rCold   . . .        s - +0 kite shield
rNeg    . . .        t - +2 robe {Will+}
rPois   .            C - +0 helmet
rElec   .            (no cloak)
rCorr   .            (no gloves)
SInv    +            (no boots)
Will    +....        (no amulet)
Stlth   ++           j - ring of see invisible
HPRegen 0.30/turn    y - +6 ring of dexterity
MPRegen 0.16/turn

%: no passive effects
@: hasted, very quick
A: high MP 1, forlorn, divine attributes
a: no special abilities


You were in a bailey.
You visited 1 branch of the dungeon, and saw 7 of its levels.
You also visited: Bailey.

You collected 326 gold pieces.

Inventory:

Hand Weapons
 h - a +1 long sword of protection (weapon)
Armour
 r - a +0 ring mail
 s - a +0 kite shield (worn)
 t - a +2 robe of willpower (worn)
 C - a +0 helmet (worn)
Jewellery
 j - a ring of see invisible (left hand)
 y - a +6 ring of dexterity (right hand)
 D - a ring of fire
 E - a ring of flight
Wands
 v - a wand of polymorph (3)
Scrolls
 c - 5 scrolls of identify {unknown}
 d - a scroll of poison {unknown}
 f - a scroll of fog {unknown}
 g - a scroll of enchant armour {unknown}
 i - a scroll of fear {unknown}
 k - 8 scrolls of teleportation
 l - a scroll of magic mapping {unknown}
 m - 2 scrolls of enchant weapon {unknown}
 p - 2 scrolls of torment {unknown}
 q - 2 scrolls of noise {unknown}
 u - 2 scrolls of blinking {unknown}
 x - a scroll of butterflies {unknown}
 G - a scroll of immolation {unknown}
Potions
 a - 2 potions of invisibility {unknown}
 b - a potion of magic
 e - 2 potions of haste
 n - 2 potions of attraction
 o - 4 potions of lignification {unknown}
 w - a potion of mutation {unknown}
 z - a potion of flight {unknown}
 B - a potion of brilliance {unknown}
 F - a potion of might
 H - a potion of heal wounds {unknown}


   Skills:
 - Level 1.7 Dodging
 - Level 1.7 Stealth
 - Level 4.4 Spellcasting
 + Level 9.3 Conjurations
 + Level 6.9 Translocations


You had 9 spell levels left.
You knew the following spells:

 Your Spells              Type           Power      Damage    Failure   Level
a - Magic Dart            Conj           100%       1d8       1%          1
b - Searing Ray           Conj           82%        2d7       1%          2
c - Iskenderun's Mystic   Conj/Tloc      37%        2d9       12%         4

Your spell library contained the following spells:

 Spells                   Type           Power      Damage    Failure   Level
 Dazzling Flash           Conj/Hex       46%        N/A       16%         3
 Cigotuvi's Dreadful Rot  Necr/Pois/Air  8%         N/A       45%         2
 Scorch                   Fire           8%         2d5       45%         2
 Flame Wave               Conj/Fire      23%        2d8       45%         4
 Fulminant Prism          Conj/Hex       11%        3d9       45%         4
 Sticky Flame             Conj/Fire      23%        2d4       45%         4
 Ignite Poison            Fire/Tmut/Pois 4%         N/A       71%         3
 Freezing Cloud           Conj/Ice/Air   8%         6-21      95%         5
 Summon Cactus Giant      Summ           2%         N/A       100%        6
 Ignition                 Fire           2%         3d3       100%        8


Dungeon Overview and Level Annotations

Branches:
Dungeon (7/15)             Temple (0/1) D:7          Bailey (1/1)

Shops:
D:6 *

Annotations:
D:4 Pikel
D:7 Maggie


Innate Abilities, Weirdness & Mutations

You have an increased reservoir of magic. (+10% MP)
You shall have no god before yourself.
Your divine heritage dramatically boosts your attributes as you level up.


Message History

The searing ray hits the human.
The human is severely wounded.
The human barely misses you.
You now have 7/19 mp.
The searing ray hits the human!
You kill the human!
The searing ray hits the human.
The human is severely wounded.
You block the human's attack.
You now have 6/19 mp.
The searing ray hits the human but does no damage.
The human is severely wounded.
You finish channelling your searing ray.
The human hits you with a +0 war axe.
* * * LOW HITPOINT WARNING * * *
The human barely misses you.
You take 5 damage, and have 24/62 hp.
You now have 5/19 mp.
Casting: Searing Ray (safe; 1% risk of failure)
Confirm with . or Enter, or press ? or * to list all spells.
Aiming: Searing Ray (safe; 1% risk of failure)
Press: ? - help, Shift-Dir - straight line, f - human
Aim: a human, wielding a +0 war axe and wearing a +0 ring mail (severely wounded, 77% to hit)
The searing ray misses the human. (Press . to maintain the ray.)
The human hits you with a +0 war axe!
* * * LOW HITPOINT WARNING * * *
The human hits you with a +0 war axe.
* * * LOW HITPOINT WARNING * * *
You take 13 damage, and have 11/62 hp.
MASSIVE DAMAGE!!
You now have 4/19 mp.
The searing ray hits the human but does no damage.
The human is severely wounded.
The human hits you with a +0 war axe!
* * * LOW HITPOINT WARNING * * *
The human barely misses you.
You take 9 damage, and have 2/62 hp.
You now have 3/19 mp.
You feel better. The human hits you with a +0 war axe.
* * * LOW HITPOINT WARNING * * *
You block the human's attack.
You feel yourself speed up. The human hits you with a +0 war axe!
You die...

### #..
#..##
#...#
#...#
##).)#
#...)#
#p#+#
##@p.##
#.....#
#.∩.∩.#
#.....#
##...##
#####


You could see 2 humans.

Vanquished Creatures
  A wyvern (D:7)
  2 humans (Bailey)
  An ice beast (D:5)
  2 black bears (D:6)
  4 ogres
  A centaur (D:7)
  4 lemures
  3 phantoms
  A kobold brigand (D:7)
  3 bullfrogs
  4 scorpions
  3 wights (D:6)
  5 killer bees (D:7)
  An electric eel (D:6)
  A jelly (D:5)
  An orc priest (D:3)
  Jessica (D:3)
  A sleepcap (D:5)
  2 iguanas (D:5)
  2 orc wizards (D:6)
  Robin (D:3)
  7 adders
  12 gnolls
  A shadow imp (D:5)
  A white imp (D:7)
  An ufetubus (D:6)
  A worm (D:3)
  2 dart slugs
  17 orcs
  6 ball pythons
  10 bats
  2 endoplasms
  4 giant cockroaches
  19 goblins
  9 hobgoblins
  9 jackals
  3 quokkas
  4 frilled lizards
  8 kobolds
  3 rats
163 creatures vanquished.

Notes
Turn   | Place    | Note
-------+----------+-------------------------------------------
     0 | D:1      | spardeous the Demigod Conjurer began the quest for the Orb.
     0 | D:1      | Reached XP level 1. HP: 14/14 MP: 5/5
   230 | D:1      | Reached XP level 2. HP: 19/20 MP: 2/7
   421 | D:1      | Reached skill level 4 in Conjurations
   905 | D:1      | Reached XP level 3. HP: 26/26 MP: 6/9
  1426 | D:2      | Learned a level 2 spell: Searing Ray
  1967 | D:2      | Noticed a phantom
  1972 | D:2      | Killed a phantom
  1973 | D:2      | Reached XP level 4. HP: 22/33 MP: 5/11
  2501 | D:3      | Reached XP level 5. HP: 38/38 MP: 6/13
  2589 | D:3      | Noticed Jessica
  2591 | D:3      | Killed Jessica
  2592 | D:3      | Reached skill level 5 in Conjurations
  2874 | D:3      | Noticed Robin
  2918 | D:3      | Noticed an ogre
  3097 | D:3      | Killed an ogre
  3172 | D:3      | Killed Robin
  3181 | D:3      | Reached XP level 6. HP: 45/45 MP: 2/15
  3622 | D:3      | Learned a level 4 spell: Iskenderun's Mystic Blast
  4075 | D:4      | Noticed Pikel
  4184 | D:5      | Entered Level 5 of the Dungeon
  4678 | D:5      | Reached skill level 6 in Conjurations
  4714 | D:5      | Reached skill level 1 in Translocations
  4906 | D:5      | Reached XP level 7. HP: 50/50 MP: 11/17
  5809 | D:6      | Found Kamnyalo's Neck Hole.
  5911 | D:6      | Reached skill level 7 in Conjurations
  6393 | D:6      | Reached XP level 8. HP: 57/57 MP: 14/18
  6758 | D:6      | Reached skill level 5 in Translocations
  6968 | D:6      | Reached skill level 8 in Conjurations
  7411 | D:7      | Found a staircase to the Ecumenical Temple.
  7474 | D:7      | Noticed Maggie
  7518 | D:7      | Reached XP level 9. HP: 13/62 MP: 5/19
  7755 | D:7      | Reached skill level 9 in Conjurations
  7775 | D:7      | Found a flagged portal.
  7788 | Bailey   | Entered a bailey
  7942 | Bailey   | HP: 2/62 [human/+0 war axe (10)]
  7944 | Bailey   | Mangled by a human

Illustrated notes

Levels and vault maps discovered:
D:1:      scummos_arrival_simple_fountains, layout_basic, minmay_hexomino_f4
D:2:      layout_basic, basic_altar
D:3:      layout_rooms, dreamdust_ecumenical_altar_grove, minivault_19,
          uniq_jessica, uniq_robin
D:4:      layout_cave_pools, minmay_crystal_water,
          chequers_serial_rivers_micro_c, uniq_pikel
D:5:      layout_basic, mainiacjoe_overflow_alcove_4,
          nicolae_dithmenos_shadow_blocks, kennysheep_generic_room_8
D:6:      layout_rooms, ashenzari_conservatory_becter, grunt_ministairs_9,
          serial_bayou_lagoon_a, nicolae_shop_sticking_my_neck_out
D:7:      layout_loops_ring, nicolae_overflow_hidden_temple,
          minmay_temple_entry_poolview, enter_bailey_4, minmay_misc_feat_doors,
          uniq_prince_ribbit1, uniq_crazy_yiuf_cottage, uniq_maggie
Bailey:   bailey_axe_froggy_fort_hellmonk, bailey

Skill      XL: |  1  2  3  4  5  6  7  8  9 |
---------------+----------------------------+-----
Spellcasting   | 2 3 4 |  4.4
Conjurations   | 4 5 6 7 8 9 |  9.3
Translocations | 1 4 6 |  6.9
Dodging        | |  1.7
Stealth        | |  1.7

Action                     |  1- 3 |  4- 6 |  7- 9 || total
---------------------------+-------+-------+-------++-------
  Melee: Long sword        |       |     1 |    21 ||    22
   Cast: Magic Dart        |    94 |   130 |    40 ||   264
         Searing Ray       |       |    20 |    53 ||    73
         Iskenderun's Myst |       |       |     1 ||     1
    Use: Potion            |       |       |     6 ||     6
         Scroll            |       |       |     1 ||     1
 Armour: Robe              |    11 |    12 |    30 ||    53
         Ring mail         |       |     5 |       ||     5
  Dodge: Dodged            |    47 |    17 |    51 ||   115
  Block: Kite shield       |       |     4 |    50 ||    54
